 Dungeon Crawl Stone Soup version 0.30-a0-463-g4188047c90 (webtiles) character file.

Game seed: 14278661615651033901

510650 Smoky173 the Slayer (level 23, -5/213 HPs)
             Began as a Demonspawn Monk on Dec 16, 2022.
             Was an Initiate of Gozag.
             Slain by an Orb Guardian (25 damage)
             ... on level 5 of the Realm of Zot on Dec 17, 2022.
             The game lasted 02:12:11 (55747 turns).

Smoky173 the Slayer (Demonspawn Monk)              Turns: 55747, Time: 02:12:12

Health: -5/213     AC: 43    Str: 15    XL:     23   Next: 92%
Magic:  0/23       EV: 16    Int: 22    God:    Gozag
Gold:   3949       SH:  5    Dex: 26    Spells: 22/22 levels left

rFire   + + +      SeeInvis .    a - +9 quick blade (vamp)
rCold   + + .      Faith    .    (no shield)
rNeg    + + .      Spirit   +    u - +20 gold dragon scales "Rerphed" {rPois rF+ rC+ Regen+ Int+5}
rPois   +          Reflect  +    B - +0 hat of Oblivion {rElec rPois rN+}
rElec   +          Harm     .    (cloak unavailable)
rCorr   +          Rampage  .    (gloves unavailable)
Will    +....      Clarity  +    (boots unavailable)
Stlth   ..........               N - amulet "Tairchow" {Reflect Will- Dex+4 Slay+2 SH+5 Stlth+}
HPRegen 1.35/turn                t - ring "Exuagix" {EV+4 Slay+3}
MPRegen 0.36/turn                d - ring "Fegux" {rF+ rN+ Will+ Dex+2}

@: about to teleport, resistant, marked, corroded, gold aura, contaminated,
slowed, glowing, studying 2 skills, invisible (but backlit and visible), very
slow
A: hooves 3, spiny 3, magic shield, magic regeneration, black mark, bedeviling,
weakness stinger 3, demonic touch 3, iridescent scales 1, clarity, clever 1
}: 3/15 runes: decaying, serpentine, silver
a: Renounce Religion, Potion Petition, Call Merchant, Bribe Branch


You were on level 5 of the Realm of Zot.
You worshipped Gozag.
Gozag was most pleased with you.
You visited 9 branches of the dungeon, and saw 45 of its levels.
You visited the Abyss 2 times.

You collected 24674 gold pieces.
You spent 5341 gold pieces at shops.
You paid 15384 gold pieces to Gozag.

Inventory:

Hand Weapons
 a - a +9 vampiric quick blade (weapon)
 b - the +5 dagger "Ryilad" {venom, *Rage rF+ Str+4}
   (You took it off an orc on level 5 of the Dungeon)

   It poisons the flesh of those it strikes.
   Str:       It affects your strength (+4).
   rF:        It protects you from fire.
   *Rage:     It berserks you when you make melee attacks (+20% chance).
Missiles
 F - 15 curare-tipped darts
 H - 4 throwing nets
 O - 12 silver javelins (quivered)
Armour
 u - the +20 gold dragon scales "Rerphed" (worn) {rPois rF+ rC+ Regen+ Int+5}
   (You bought it in a shop on level 2 of the Orcish Mines)

   Int:       It affects your intelligence (+5).
   rF:        It protects you from fire.
   rC:        It protects you from cold.
   rPois:     It protects you from poison.
   Regen:     It increases your rate of health regeneration.
 B - the +0 hat of Oblivion (worn) {rElec rPois rN+}
   (You found it on level 7 of the Dungeon)

   rElec:     It insulates you from electricity.
   rPois:     It protects you from poison.
   rN:        It protects you from negative energy.
 Z - the +0 helmet "Etac" {rPois Will+ rCorr Str+4}
   (You found it on level 1 of the Snake Pit)

   Str:       It affects your strength (+4).
   rPois:     It protects you from poison.
   rCorr:     It protects you from acid and corrosion.
   Will:      It increases your willpower.
Jewellery
 c - a ring of see invisible
 d - the ring "Fegux" (right hand) {rF+ rN+ Will+ Dex+2}
   (You found it on level 5 of the Vaults)

   [ring of protection from fire]

   Dex:       It affects your dexterity (+2).
   rF:        It protects you from fire.
   rN:        It protects you from negative energy.
   Will:      It increases your willpower.
 t - the ring "Exuagix" (left hand) {EV+4 Slay+3}
   (You bought it in a shop on level 3 of the Lair of Beasts)

   [ring of evasion]

   EV:        It affects your evasion (+4).
   Slay:      It affects your accuracy & damage with ranged weapons and melee
   (+3).
 E - a +4 ring of slaying
 N - the amulet "Tairchow" (around neck) {Reflect Will- Dex+4 Slay+2 SH+5 Stlth+}
   (You acquired it on level 1 of the Snake Pit)

   [amulet of reflection]

   It reflects blocked missile attacks.
   Dex:       It affects your dexterity (+4).
   Slay:      It affects your accuracy & damage with ranged weapons and melee
   (+2).
   SH:        It affects your SH (+5).
   Will:      It decreases your willpower.
   Stlth:     It makes you more stealthy.
 V - a +4 ring of protection
Wands
 o - a wand of polymorph (26)
 w - a wand of mindburst (7)
 I - a wand of digging (22)
 K - a wand of paralysis (19)
 L - a wand of quicksilver (19)
 M - a wand of roots (15)
Scrolls
 f - a scroll of brand weapon
 j - 2 scrolls of fog
 l - 5 scrolls of immolation
 v - 6 scrolls of teleportation
 x - 3 scrolls of fear
 y - 4 scrolls of magic mapping
 z - 6 scrolls of poison
 C - a scroll of blinking
 Q - 3 scrolls of torment
 X - a scroll of silence
Potions
 e - 6 potions of attraction
 g - 2 potions of berserk rage
 h - 3 potions of flight
 i - 10 potions of mutation
 k - 24 potions of curing
 q - 10 potions of might
 s - 2 potions of magic
 A - 3 potions of heal wounds
 D - 6 potions of cancellation
 G - 2 potions of resistance
 J - 2 potions of lignification
 P - 2 potions of invisibility
 R - 6 potions of haste
 T - 3 potions of brilliance
 W - 5 potions of ambrosia
Miscellaneous
 m - a tin of tremorstones (2/2)
 n - a phantom mirror
 p - a piece from Xom's chessboard (15/15)
 r - a phial of floods
 S - a box of beasts
 U - a lightning rod (4/4)
 Y - a condenser vane


   Skills:
 - Level 25.0 Fighting
 - Level 8.0 Short Blades
 - Level 5.0 Throwing
 + Level 25.0 Armour
 - Level 16.0 Dodging
 - Level 3.0 Stealth
 - Level 15.0 Evocations


You had 22 spell levels left.
You didn't know any spells.
Your spell library contained the following spells:

 Spells                   Type           Power      Damage    Failure   Level
 Apportation              Tloc           0%         N/A       99%         1
 Foxfire                  Conj/Fire      0%         2x1d4     99%         1
 Freeze                   Ice            0%         1d3       99%         1
 Kiss of Death            Conj/Necr      0%         2d5       99%         1
 Magic Dart               Conj           0%         1d3       99%         1
 Necrotise                Necr           0%         1d4       99%         1
 Sandblast                Erth           0%         2d4       99%         1
 Summon Small Mammal      Summ           0%         N/A       99%         1
 Ensorcelled Hibernation  Hex/Ice        0%         N/A       100%        2
 Passwall                 Tmut/Erth      0%         N/A       100%        2
 Poisonous Vapours        Pois/Air       0%         N/A       100%        2
 Scorch                   Fire           0%         2d5       100%        2
 Searing Ray              Conj           0%         2d4       100%        2
 Call Canine Familiar     Summ           0%         N/A       100%        3
 Confusing Touch          Hex            0%         N/A       100%        3
 Frozen Ramparts          Ice            0%         1d1       100%        3
 Hailstorm                Conj/Ice       0%         3d3       100%        3
 Ignite Poison            Fire/Tmut/Pois 0%         N/A       100%        3
 Inner Flame              Hex/Fire       0%         N/A       100%        3
 Ozocubu's Armour         Ice            0%         N/A       100%        3
 Portal Projectile        Hex/Tloc       0%         N/A       100%        3
 Spider Form              Tmut/Pois      0%         N/A       100%        3
 Stone Arrow              Conj/Erth      0%         3d7       100%        3
 Summon Guardian Golem    Hex/Summ       0%         N/A       100%        3
 Swiftness                Air            0%         N/A       100%        3
 Tukima's Dance           Hex            0%         N/A       100%        3
 Vampiric Draining        Necr           0%         2d6       100%        3
 Anguish                  Hex/Necr       0%         N/A       100%        4
 Dispel Undead            Necr           0%         3d6       100%        4
 Flame Wave               Conj/Fire      0%         2d4       100%        4
 Fulminant Prism          Conj/Hex       0%         3d5       100%        4
 Ice Form                 Ice/Tmut       0%         N/A       100%        4
 Leda's Liquefaction      Hex/Erth       0%         N/A       100%        4
 Manifold Assault         Tloc           0%         N/A       100%        4
 Passage of Golubria      Tloc           0%         N/A       100%        4
 Sticky Flame             Conj/Fire      0%         2d3       100%        4
 Agony                    Necr           0%         N/A       100%        5
 Alistair's Intoxication  Tmut/Pois      0%         N/A       100%        5
 Borgnjor's Vile Clutch   Necr/Erth      0%         N/A       100%        5
 Fireball                 Conj/Fire      0%         3d3       100%        5
 Iskenderun's Battlesphe  Conj           0%         2d6       100%        5
 Lee's Rapid Deconstruct  Erth           0%         3d4*      100%        5
 Yara's Violent Unravell  Hex/Tmut       0%         3d3       100%        5
 Conjure Ball Lightning   Conj/Air       0%         3x3d6     100%        6
 Dispersal                Tloc           0%         N/A       100%        6
 Eringya's Noxious Bog    Tmut/Pois      0%         N/A       100%        6
 Starburst                Conj/Fire      0%         6d3       100%        6
 Statue Form              Tmut/Erth      0%         N/A       100%        6
 Summon Cactus Giant      Summ           0%         N/A       100%        6
 Haunt                    Necr/Summ      0%         N/A       100%        7
 Orb of Destruction       Conj           0%         9d5       100%        7
 Ozocubu's Refrigeration  Ice            0%         4d7       100%        7
 Disjunction              Tloc           0%         N/A       100%        8
 Ignition                 Fire           0%         3d3       100%        8
 Infestation              Necr           0%         N/A       100%        8
 Animate Dead             Necr           Unusable   N/A       N/A         4
 Simulacrum               Ice/Necr       Unusable   N/A       N/A         6

Dungeon Overview and Level Annotations

Branches:
Dungeon (15/15)            Temple (0/1) D:4            Lair (5/5) D:9
  Swamp (4/4) Lair:3        Snake (4/4) Lair:2        Slime (1/5) Lair:5
    Orc (2/2) D:10            Elf (0/3) Orc:2        Vaults (5/5) D:14
  Crypt (0/3) Vaults:2     Depths (4/4) D:15            Zot (5/5) Depths:4

Altars:
Ashenzari
Cheibriados
Fedhas
Gozag
Hepliaklqana
Okawaru
Qazlal
Sif Muna
Trog
Vehumet
Wu Jian

Shops:
D:6 ?   D:12 *   D:14 =[   Orc:2 [[[*?(   Lair:3 =   Lair:5 =(   Vaults:2 *
Zot:1 [   Depths:3 *

Portals:
Hell: Depths:1 Depths:2 Depths:3 Depths:4
Abyss: Depths:3
Pandemonium: Depths:2 Depths:4
Ziggurat: Depths:1

Annotations:
D:13 exclusion: 2 ice statues
Lair:5 exclusion: obsidian statue


Innate Abilities, Weirdness & Mutations

You have hooves in place of feet.
You are completely covered in sharp spines.
When hurt, damage is shared between your health and your magic reserves.
You regenerate magic rapidly.
Your melee attacks may debilitate your foes.
Your hexes are more powerful.
You have a sharp stinger which inflicts weakening toxins.
Your touch may irresistibly damage your foes and sap their willpower.
You are partially covered in iridescent scales. (AC +2)
You possess an exceptional clarity of mind.
Your mind is acute. (Int +4, Str/Dex -1)


Message History

You feel much better.
The yellow draconian annihilator looks more healthy.
The Orb Guardian is engulfed in poison gas.
The Orb Guardian looks as sick as possible!
The Orb Guardian hits you!!!
* * * LOW HITPOINT WARNING * * *
The Orb Guardian looks as sick as possible!
You block the Orb Guardian's attack.
The Orb Guardian is engulfed in poison gas.
The Orb Guardian looks as sick as possible!
The Orb Guardian is struck by your spines.
The Orb Guardian hits you but does no damage.
The Orb Guardian is engulfed in poison gas.
The Orb Guardian looks as sick as possible!
The Orb Guardian hits you but does no damage.
The Orb Guardian is engulfed in poison gas.
The Orb Guardian looks as sick as possible!
The Orb Guardian is struck by your spines.
The Orb Guardian hits you!
* * * LOW HITPOINT WARNING * * *
The Orb Guardian is engulfed in poison gas.
The Orb Guardian looks as sick as possible!
The Killer Klown is engulfed in poison gas.
The Killer Klown looks as sick as possible!
The Killer Klown blinks!
The Orb Guardian is engulfed in poison gas.
The Orb Guardian looks as sick as possible!
The Orb Guardian is struck by your spines.
The Orb Guardian hits you but does no damage.
The Orb Guardian is engulfed in poison gas.
The Orb Guardian looks as sick as possible!
You kill the Orb Guardian!
An Orb Guardian comes into view.
The Orb Guardian is engulfed in poison gas.
The Orb Guardian looks even sicker.
The Orb Guardian is engulfed in poison gas.
The Orb Guardian looks as sick as possible!
The Orb Guardian hits you!!
You die...
Your body crumbles into a pile of gold.

.... ..d..
#▓▓▓▓▓▓▓▓▓▓▓##X....
###)$○○.§°§XXXX..§...
##...$##.§§yX@XXXX....
####.z.###☼§☼☼§d○§§XX....
......###☼○§°§.z9°§§..q..
.....## #°○1☼§.$°§§§.....
.....# #§§.°§.○○.§§.....
....## #○§§§§○§☼§§☼.....
(...# #☼°°§○○○§§☼§....^
....## #○§°○○☼☼☼☼§§.p...
.....# ##...^...........


You could see a Killer Klown (extremely poisoned), an electric golem, an Ice
Fiend, a yellow draconian, a purple draconian (extremely poisoned), a death cob,
12 Orb Guardians, a yellow draconian annihilator and a moth of wrath (very
poisoned).

Vanquished Creatures
  2 dread liches
  3 ancient liches
  A juggernaut (Depths:1)
  the Lernaean hydra (Swamp:4)
  Margery (Vaults:5)
  Frederick (Vaults:5)
  Xtahua (Depths:3)
  A curse toe (Zot:4)
  Bai Suzhen (Snake:4)
  Nikola (Swamp:3)
  5 golden dragons
  A bone dragon (Abyss:2)
  A profane servitor (Abyss:2)
  2 doom hounds (Zot:4)
  8 tentacled monstrosities
  Jorgrun (D:15)
  An electric golem (Zot:3)
  Grunn (Zot:4)
  6 quicksilver dragons
  Mlioglotl (Snake:4)
  A lich (Vaults:5)
  3 titans
  7 death cobs
  7 sphinxes
  An Executioner (Abyss:2)
  6 Orb Guardians (Zot:5)
  Kirke (Swamp:2)
  2 tentacled starspawn (Abyss:2)
  Frances (D:14)
  Gastronok (Orc:1)
  8 storm dragons
  6 shadow dragons
  Roxanne (Swamp:3)
  Donald (Swamp:3)
  3 draconian knights
  11 tengu reavers
  A thorn hunter (Swamp:4)
  4 draconian monks
  3 draconian scorchers
  5 nagarajas
  5 frost giants
  A deep elf sorcerer (Vaults:5)
  Louise (Depths:3)
  16 fire giants
  8 vault wardens
  2 ghost moths
  16 very ugly things
  2 reapers
  3 draconian annihilators
  2 ghouls (Swamp:1)
  5 ironbound preservers
  5 spriggan defenders
  8 ironbound thunderhulks
  2 war gargoyles
  5 green draconians
  8 stone giants
  11 dire elephants
  2 grey draconians (Depths:4)
  2 vampire knights
  A deep elf demonologist (Vaults:5)
  6 black draconians
  7 bunyips
  An eleionoma (Swamp:2)
  A bunyip (shapeshifter) (Vaults:4)
  5 red draconians
  7 white draconians
  7 purple draconians
  12 yellow draconians
  The ghost of Smoky173 the Fighter, a journeyman TeBe of Trog (Lair:3)
  A blizzard demon (Abyss:2)
  9 yaktaur captains
  12 ettins
  2 jiangshi (Depths:1)
  A shambling mangrove (Swamp:4)
  3 great orbs of eyes
  12 fire dragons
  An entropy weaver (shapeshifter) (Abyss:2)
  14 vault guards
  An entropy weaver (Vaults:3)
  6 salamander tyrants
  A ghost crab (Swamp:2)
  2 peacekeepers (Vaults:4)
  5 ice dragons
  Harold (D:9)
  9 spriggan air magi
  7 ironbound frosthearts
  2 rakshasas
  28 hydras
  2 centaur warriors
  3 ogre magi
  A catoblepas (D:15)
  A hell beast (Depths:2)
  A two-headed ogre (D:9)
  A spriggan skeleton (Abyss:2)
  9 anacondas
  An alligator (shapeshifter) (Vaults:4)
  A two-headed ogre (shapeshifter) (Vaults:5)
  5 boulder beetles
  4 deep troll shamans
  3 death knights
  14 alligators
  8 death yaks
  A vampire mage (Depths:1)
  2 tengu warriors
  18 naga warriors
  5 thrashing horrors (Abyss:2)
  6 deep troll earth magi
  4 spriggan berserkers
  9 shock serpents
  Urug (D:10)
  15 naga sharpshooters
  6 hell knights
  A fire crab (Lair:5)
  2 spectral death yaks (Lair:5)
  Amaemon (D:11)
  6 goliath frogs
  A spectral anaconda (Lair:5)
  2 glowing orange brains
  6 iron trolls
  2 sixfirhies (Abyss:2)
  11 salamander mystics
  Lodul (D:10)
  5 spriggan druids
  7 naga ritualists
  10 swamp dragons
  9 ironbound convokers
  6 wizards
  23 deep trolls
  7 orc knights
  6 lindwurms (Vaults:2)
  6 harpies
  10 bog bodies
  2 deep elf pyromancers
  5 phantasmal warriors
  A tengu zombie (Vaults:3)
  A harpy (shapeshifter) (D:14)
  5 cyclopes
  Pikel (D:9)
  42 ugly things
  7 necromancers
  2 orc sorcerers
  12 mana vipers
  7 manticores
  4 will-o-the-wisps
  28 salamanders
  10 elephants (Lair:5)
  A smoke demon (Abyss:2)
  13 moths of wrath
  2 apocalypse crabs (Abyss:2)
  23 naga magi
  An orange demon (D:11)
  30 black mambas
  A guardian serpent (shapeshifter) (D:12)
  2 dire elephant zombies (Lair:5)
  3 guardian serpents
  An ice statue (D:13)
  12 vault sentinels
  2 cane toads
  A cane toad (shapeshifter) (D:15)
  A gargoyle (D:14)
  An unseen horror (D:9)
  A komodo dragon (shapeshifter) (D:14)
  3 kobold demonologists
  2 unseen horrors (shapeshifter)
  2 rime drakes
  27 yaktaurs
  The ghost of nujazz the Magician, a novice DsAE (D:5)
  An efreet (D:15)
  8 freezing wraiths
  7 komodo dragons
  3 tengu conjurers
  A dire elephant skeleton (Lair:5)
  A hellwing (Depths:2)
  9 trolls
  11 tyrant leeches
  A golden dragon simulacrum (Zot:3)
  3 meliai (D:14)
  7 polar bears
  26 slime creatures
  A tarantella (shapeshifter) (Vaults:5)
  2 raiju (Abyss:2)
  20 hornets
  A snapping turtle (Vaults:1)
  18 blink frogs
  4 large abominations (Abyss:2)
  Sigmund (D:3)
  A spriggan (shapeshifter) (D:12)
  A vampire (D:13)
  2 shadows
  A water elemental (Depths:1)
  3 ynoxinuls (Abyss:2)
  34 spriggans
  2 steam dragons
  10 wraiths
  11 wyverns
  A hog (Swamp:2)
  36 yaks
  3 redbacks
  A human (shapeshifter) (D:14)
  4 basilisks
  2 golden eyes (Slime:1)
  16 vampire mosquitoes
  A neqoxec (Abyss:2)
  22 swamp worms
  A red draconian simulacrum (Zot:3)
  A spectral cane toad (Lair:5)
  5 wargs
  3 acid dragons (Depths:4)
  9 water moccasins
  A floating eye (Depths:4)
  45 nagas
  3 hell hounds (Depths:2)
  6 swamp drakes (Swamp:4)
  A sky beast (D:6)
  2 black bears
  3 elephant zombies (Lair:5)
  40 orc warriors
  13 ice beasts
  11 ogres
  10 wolves
  9 boggarts
  19 centaurs
  3 lemures (D:9)
  3 elephant skeletons (Lair:5)
  A phantom (D:4)
  5 kobold brigands
  5 bullfrogs
  A necrophage (Swamp:1)
  2 cane toad simulacra (Lair:5)
  3 small abominations (Abyss:2)
  4 scorpions
  7 wights
  3 elephant simulacra (Lair:5)
  4 killer bees (D:8)
  4 electric eels
  5 howler monkeys
  5 starcursed masses
  5 jellies
  4 hounds (D:5)
  2 gnoll boudas
  21 orc priests
  An iron imp (Abyss:2)
  5 iguanas
  18 orc wizards
  12 hell rats
  10 adders
  6 gnolls
  2 river rats (D:9)
  4 white imps
  3 ufetubi
  2 dart slugs (D:1)
  84 orcs
  5 ball pythons
  14 endoplasms
  7 giant cockroaches
  6 goblins
  4 hobgoblins
  19 kobolds
  5 quokkas
  6 bats
  A frilled lizard (D:1)
  5 rats
  2 starspawn tentacles (Abyss:2)
1648 creatures vanquished.

Vanquished Creatures (collateral kills)
  Josephina (Zot:3)
  A Killer Klown (Zot:4)
  A golden dragon (Vaults:5)
  A doom hound (Zot:4)
  2 tentacled monstrosities
  2 Orb Guardians (Zot:5)
  2 death cobs (Zot:2)
  2 shadow dragons
  A storm dragon (Zot:4)
  3 draconian knights
  2 vault wardens
  A draconian shifter (Zot:2)
  A frost giant (Vaults:5)
  2 draconian annihilators (Zot:2)
  A ghost moth (Zot:2)
  A reaper (Zot:4)
  2 ironbound thunderhulks
  2 stone giants
  5 green draconians
  2 black draconians (Zot:2)
  7 purple draconians
  6 yellow draconians
  2 red draconians (Zot:3)
  3 white draconians
  2 putrid mouths (Zot:4)
  A crystal guardian (Vaults:3)
  2 yaktaur captains
  2 ice dragons (Zot:3)
  12 vault guards
  2 peacekeepers
  A hydra (Swamp:4)
  A spriggan (Swamp:4)
  3 ironbound convokers
  2 wizards
  A phantasmal warrior (Vaults:5)
  4 harpies (Vaults:5)
  2 ugly things
  A necromancer (Vaults:3)
  A stone giant zombie (Vaults:3)
  8 moths of wrath
  5 vault sentinels
  11 yaktaurs
  A golden dragon simulacrum (Zot:3)
  A hornet (Swamp:4)
  A human simulacrum (Vaults:3)
  A slime creature (Vaults:4)
  A redback (Vaults:3)
  A white draconian simulacrum (Zot:3)
  A swamp worm (Swamp:4)
  A vampire mosquito (Swamp:3)
  A human zombie (Vaults:3)
  A swamp drake (Swamp:4)
  An orc warrior (Vaults:4)
  A starcursed mass (Abyss:2)
126 creatures vanquished.

Vanquished Creatures (others)
  An orb of fire (Zot:5)
  2 tentacled monstrosities
  A shadow dragon (Zot:2)
  A draconian scorcher (Zot:3)
  2 draconian shifters
  An ironbound preserver (Vaults:5)
  2 vault wardens
  A draconian stormcaller (Zot:3)
  A draconian annihilator (Zot:2)
  3 ironbound thunderhulks (Vaults:5)
  2 white draconians (Zot:2)
  2 red draconians (Zot:2)
  A fire dragon (Depths:2)
  A yaktaur captain (Vaults:5)
  4 deep trolls
  A wizard (Vaults:5)
  2 ironbound convokers
  A phantasmal warrior (Vaults:5)
  A necromancer (Depths:2)
  2 vault sentinels (Vaults:3)
  An unseen horror (Abyss:2)
  5 yaktaurs
  A bloated husk (Swamp:2)
  A blink frog (shapeshifter) (Abyss:2)
  5 humans (Swamp:2)
  A swamp worm (Swamp:2)
  An orc warrior (Vaults:5)
  A centaur (D:14)
  An ufetubus (Abyss:2)
  An orc (Vaults:5)
  4 briar patches (Swamp:4)
  10 bushes
  A butterfly (Depths:2)
  20 foxfires
  22 fungi
  45 plants
  6 starspawn tentacles (Abyss:2)
  14 withered plants (Lair:5)
172 creatures vanquished.

Grand Total: 1946 creatures vanquished

Notes
Turn   | Place    | Note
-------+----------+-------------------------------------------
     0 | D:1      | Smoky173 the Demonspawn Monk began the quest for the Orb.
     0 | D:1      | Reached XP level 1. HP: 18/18 MP: 1/1
   232 | D:1      | Discovered your monstrous ancestry.
   232 | D:1      | Gained mutation: Your touch may inflict minor irresistible
                  | damage on your foes. [demonic ancestry]
   232 | D:1      | Reached XP level 2. HP: 24/24 MP: 2/2
   565 | D:1      | Gained mutation: You regenerate magic rapidly. [demonic
                  | ancestry]
   565 | D:1      | Reached XP level 3. HP: 30/30 MP: 3/3
   956 | D:2      | Found a faded altar of an unknown god.
  1052 | D:2      | Reached skill level 1 in Armour
  1076 | D:2      | Prayed at the altar of an unknown god.
  1076 | D:2      | Became a worshipper of Gozag Ym Sagoz the Greedy
  1182 | D:2      | Gained mutation: You are partially covered in sharp spines.
                  | [demonic ancestry]
  1182 | D:2      | Reached XP level 4. HP: 18/37 MP: 4/4
  2390 | D:3      | Noticed Sigmund
  2403 | D:3      | Gained mutation: You have a small tail. [demonic ancestry]
  2403 | D:3      | Reached XP level 5. HP: 30/42 MP: 5/5
  2454 | D:3      | Killed Sigmund
  2455 | D:3      | Reached XP level 6. HP: 22/48 MP: 6/6
  2913 | D:3      | Identified a scroll of acquirement
  2916 | D:3      | Acquired the ring "Vyidouf" {rPois rC- Will+ Int+5 Dex+6}
  3014 | D:4      | Reached skill level 5 in Short Blades
  3318 | D:4      | Found a staircase to the Ecumenical Temple.
  3785 | D:5      | Entered Level 5 of the Dungeon
  3880 | D:5      | Reached skill level 5 in Fighting
  3880 | D:5      | Gained mutation: You have large cloven feet. [demonic
                  | ancestry]
  3880 | D:5      | Reached XP level 7. HP: 56/56 MP: 7/7
  3992 | D:5      | Found a runed translucent gate.
  3994 | D:5      | Noticed nujazz's ghost (novice DsAE)
  3996 | D:5      | Identified the +5 dagger "Ryilad" {venom, *Rage rF+ Str+4}
  4008 | D:5      | Found a runed translucent gate.
  4009 | D:5      | Found a runed translucent gate.
  4221 | D:5      | Reached skill level 5 in Dodging
  4533 | D:5      | Killed nujazz's ghost
  4534 | D:5      | Reached XP level 8. HP: 47/64 MP: 8/8
  4734 | D:6      | Found a blossoming altar of Fedhas.
  5085 | D:6      | Found Wolyicag's Magic Scroll Emporium.
  5094 | D:6      | Bought a scroll of identify for 28 gold pieces
  5094 | D:6      | Bought a scroll of identify for 28 gold pieces
  5203 | D:6      | Gained mutation: You have a tail ending in a sharp stinger.
                  | [demonic ancestry]
  5203 | D:6      | Reached XP level 9. HP: 75/75 MP: 9/9
  5710 | D:6      | Identified the +2 chain mail "Kofop" {rC+ Will+ Str+2}
  6130 | D:7      | Acquired a +2 quick blade of electrocution
  6182 | D:6      | Reached skill level 10 in Fighting
  6314 | D:7      | Identified the +0 hat of Oblivion {rElec rPois rN+}
  6930 | D:8      | Reached skill level 1 in Throwing
  7068 | D:8      | Reached XP level 10. HP: 62/85 MP: 7/10
  7217 | D:8      | Found a radiant altar of Vehumet.
  7231 | D:8      | Found a shimmering blue altar of Sif Muna.
  7235 | D:8      | Found a hazy altar of Hepliaklqana.
  7238 | D:8      | Found a bloodstained altar of Trog.
  7359 | D:8      | Found a broken altar of Ashenzari.
  7362 | D:8      | Found an ornate altar of the Wu Jian Council.
  7612 | D:9      | Noticed Pikel
  7641 | D:9      | Killed Pikel
  7781 | D:9      | Reached skill level 5 in Armour
  7882 | D:9      | Noticed a two-headed ogre
  7894 | D:9      | Killed a two-headed ogre
  7944 | D:9      | Noticed Harold
  7977 | D:9      | Killed Harold
  8136 | D:9      | Noticed a death yak
  8138 | D:9      | Found a staircase to the Lair.
  8146 | D:9      | Noticed a death yak
  8155 | D:9      | Killed a death yak
  8156 | D:9      | Noticed a death yak
  8175 | D:9      | Killed a death yak
  8176 | D:9      | Gained mutation: When hurt, damage is shared between your
                  | health and your magic reserves. [demonic ancestry]
  8176 | D:9      | Reached XP level 11. HP: 58/90 MP: 6/11
  8195 | D:9      | Killed a death yak
  8879 | D:10     | Entered Level 10 of the Dungeon
  8880 | D:10     | Noticed Urug
  8906 | D:10     | Killed Urug
  9194 | D:10     | Noticed Lodul
  9247 | D:10     | Killed Lodul
  9248 | D:10     | Reached skill level 10 in Dodging
  9495 | D:10     | Noticed a boulder beetle
  9514 | D:10     | Killed a boulder beetle
  9682 | D:10     | Found a staircase to the Orcish Mines.
 10134 | D:11     | Noticed Amaemon
 10146 | D:11     | Killed Amaemon
 10401 | D:11     | Reached skill level 1 in Evocations
 10749 | D:11     | Gained mutation: Your touch may inflict irresistible damage
                  | on your foes. [demonic ancestry]
 10749 | D:11     | Reached XP level 12. HP: 87/98 MP: 10/12
 11594 | D:12     | Noticed a boulder beetle
 11792 | D:12     | Killed a boulder beetle
 11811 | D:12     | Found an iron altar of Okawaru.
 12534 | D:12     | Noticed a brown very ugly thing
 12551 | D:12     | Killed a red very ugly thing
 12599 | D:12     | Noticed an ogre mage
 12612 | D:12     | Killed an ogre mage
 12826 | D:12     | Bought a box of beasts for 680 gold pieces
 12889 | Lair:1   | Entered Level 1 of the Lair of Beasts
 13031 | Lair:1   | Reached skill level 10 in Armour
 13416 | Lair:1   | Reached skill level 5 in Evocations
 14087 | Lair:2   | Found a staircase to the Snake Pit.
 14198 | Lair:2   | Noticed a four-headed hydra
 14205 | Lair:2   | Killed a four-headed hydra
 14429 | Lair:2   | Noticed an eight-headed hydra
 14440 | Lair:2   | Killed an eight-headed hydra
 14531 | Lair:2   | Gained mutation: You have hoof-like feet. [demonic
                  | ancestry]
 14531 | Lair:2   | Reached XP level 13. HP: 107/108 MP: 13/13
 15598 | Lair:3   | Found a staircase to the Swamp.
 15890 | Lair:3   | Found a large runed translucent door.
 15890 | Lair:3   | Found a large runed translucent door.
 16093 | Lair:3   | Noticed Smoky173's ghost (journeyman TeBe)
 16202 | Lair:3   | Killed Smoky173's ghost
 16492 | Lair:4   | Gained mutation: You have hidden genetic potential. [potion
                  | of mutation]
 16492 | Lair:4   | Gained mutation: Your mind is acute. (Int +4, Str/Dex -1)
                  | [potion of mutation]
 17166 | Lair:5   | Entered Level 5 of the Lair of Beasts
 17399 | Lair:5   | Found a staircase to the Slime Pits.
 17441 | Lair:5   | Reached skill level 5 in Throwing
 17940 | Lair:5   | Noticed a dire elephant
 17959 | Lair:5   | Killed a dire elephant
 18693 | Lair:5   | Noticed a dire elephant
 18693 | Lair:5   | Noticed a dire elephant
 18961 | Orc:1    | Entered Level 1 of the Orcish Mines
 19045 | Orc:1    | Gained mutation: You have hooves in place of feet. [demonic
                  | ancestry]
 19045 | Orc:1    | Reached XP level 14. HP: 86/119 MP: 11/14
 19066 | Orc:1    | Noticed Gastronok
 19089 | Orc:1    | Killed Gastronok
 19395 | Orc:2    | Entered Level 2 of the Orcish Mines
 19401 | Orc:2    | Found a staircase to the Elven Halls.
 20743 | Orc:2    | Found Cezuto's Magic Scroll Boutique.
 20743 | Orc:2    | Found Xelid's General Store.
 20745 | Orc:2    | Found Diosoply's Antique Armour Emporium.
 20746 | Orc:2    | Found Racvoef's Weapon Shop.
 20804 | Orc:2    | Gained mutation: You possess an exceptional clarity of
                  | mind. [hidden potential]
 20817 | Orc:2    | Bought a scroll of teleportation for 42 gold pieces
 20817 | Orc:2    | Bought a scroll of blinking for 105 gold pieces
 20912 | Orc:2    | Bought a scroll of identify for 28 gold pieces
 21316 | Orc:2    | Bought a +2 pair of gloves of hurling for 408 gold pieces
 22612 | Slime:1  | Entered Level 1 of the Pits of Slime
 22910 | Swamp:1  | Entered Level 1 of the Swamp
 22927 | Swamp:1  | Found a snail-covered altar of Cheibriados.
 25439 | D:14     | Reached XP level 15. HP: 122/127 MP: 15/15
 25494 | D:14     | Noticed Frances
 25514 | D:14     | Killed Frances
 25515 | D:14     | Reached skill level 15 in Fighting
 25869 | D:14     | Found a gate to the Vaults.
 26132 | D:15     | Entered Level 15 of the Dungeon
 26132 | D:15     | Noticed Jorgrun
 26327 | Orc:2    | Bought the +20 gold dragon scales "Rerphed" {rPois rF+ rC+
                  | Regen+ Int+5} for 2986 gold pieces
 26612 | Snake:1  | Entered Level 1 of the Snake Pit
 26710 | Snake:1  | Gained mutation: You are partially covered in iridescent
                  | scales. (AC +2) [hidden potential]
 26710 | Snake:1  | Lost mutation: You have hidden genetic potential. [hidden
                  | potential expressed]
 27100 | Snake:1  | Found a frozen archway.
 27529 | Snake:1  | Identified the +0 helmet "Etac" {rPois Will+ rCorr Str+4}
 28396 | Snake:2  | Reached skill level 15 in Armour
 28602 | Snake:1  | Acquired the amulet "Tairchow" {Reflect Will- Dex+4 Slay+2
                  | SH+5 Stlth+}
 28884 | Snake:2  | Gained mutation: You are mostly covered in sharp spines.
                  | [demonic ancestry]
 28884 | Snake:2  | Reached XP level 16. HP: 136/136 MP: 16/16
 29290 | Snake:3  | Reached skill level 15 in Dodging
 30225 | Snake:3  | Identified the +8 sling of the Pit {vorpal, rPois Stlth+}
 30762 | Snake:4  | Entered Level 4 of the Snake Pit
 31562 | Snake:4  | Noticed Mlioglotl
 31562 | Snake:4  | Noticed Bai Suzhen
 31790 | Snake:4  | Killed Mlioglotl
 31851 | Snake:4  | Killed Bai Suzhen
 32135 | Snake:3  | Reached XP level 17. HP: 127/142 MP: 13/17
 32634 | Snake:4  | Got a serpentine rune of Zot
 32877 | Lair:3   | Bought the ring "Exuagix" {EV+4 Slay+3} for 1000 gold
                  | pieces
 33004 | Swamp:1  | Identified the +0 robe of Ennerat {Dex+4}
 33088 | Swamp:1  | Noticed a tentacled monstrosity
 33100 | Swamp:1  | Killed a tentacled monstrosity
 33400 | Swamp:2  | Noticed Kirke
 33416 | Swamp:2  | Killed Kirke
 33886 | Swamp:3  | Noticed Roxanne
 34116 | Swamp:3  | Killed Roxanne
 34213 | Swamp:3  | Found an ornate altar of the Wu Jian Council.
 34220 | Swamp:3  | Noticed Nikola
 34263 | Swamp:3  | Killed Nikola
 34269 | Swamp:3  | Noticed Donald
 34298 | Swamp:3  | Killed Donald
 34515 | Swamp:4  | Entered Level 4 of the Swamp
 34707 | Swamp:4  | Gained mutation: Your touch may irresistibly damage your
                  | foes and sap their willpower. [demonic ancestry]
 34707 | Swamp:4  | Reached XP level 18. HP: 147/149 MP: 18/18
 34923 | Swamp:4  | Noticed the 27-headed Lernaean hydra
 34941 | Swamp:4  | Killed the 27-headed Lernaean hydra
 34981 | Swamp:4  | Reached skill level 10 in Evocations
 35096 | Swamp:4  | Got a decaying rune of Zot
 35450 | Vaults:1 | Entered Level 1 of the Vaults
 36730 | Vaults:1 | Found the +5 demon whip "Spellbinder" {antimagic, Will+}
 37318 | Vaults:2 | Found Qorghoa's Assorted Antiques.
 37900 | Vaults:2 | Found a staircase to the Crypt.
 37918 | Vaults:2 | Gained mutation: You have a sharp stinger which inflicts
                  | weakening toxins. [demonic ancestry]
 37918 | Vaults:2 | Reached XP level 19. HP: 147/165 MP: 16/19
 38415 | Vaults:3 | Paralysed by a great orb of eyes for 3 turns
 39936 | Vaults:4 | Upgraded the game from 0.30-a0-462-gd5975efbca to
                  | 0.30-a0-463-g4188047c90
 40367 | Vaults:4 | Found a crumbling gateway.
 40918 | Vaults:5 | Entered Level 5 of the Vaults
 40928 | Vaults:5 | Noticed a dread lich
 40974 | Vaults:5 | Noticed a Brimstone Fiend
 41067 | Vaults:5 | Killed a dread lich
 41078 | Vaults:5 | Noticed a golden dragon
 41079 | Vaults:5 | Gained mutation: Your hexes are more powerful. [demonic
                  | ancestry]
 41079 | Vaults:5 | Reached XP level 20. HP: 137/176 MP: 15/20
 41084 | Vaults:5 | Killed a golden dragon
 41092 | Vaults:5 | Identified the ring "Fegux" {rF+ rN+ Will+ Dex+2}
 41129 | Vaults:5 | Noticed an ancient lich
 41158 | Vaults:5 | Killed an ancient lich
 41174 | Vaults:5 | Paralysed by a sphinx for 5 turns
 41189 | Vaults:5 | Noticed an ancient lich
 41198 | Vaults:5 | Noticed Margery
 41201 | Vaults:5 | Noticed a golden dragon
 41203 | Vaults:5 | Noticed Frederick
 41228 | Vaults:5 | Killed an ancient lich
 41238 | Vaults:5 | Killed Margery
 41239 | Vaults:5 | Identified the +3 trident of the Original Sin {freeze, rC+
                  | rN+ Will+}
 41261 | Vaults:4 | Killed a golden dragon
 41416 | Vaults:5 | Noticed a dread lich
 41423 | Vaults:5 | Killed Frederick
 41439 | Vaults:4 | HP: 7/178 [vault warden/+0 dire flail of protection (9)]
 42084 | Vaults:4 | Killed a dread lich
 42440 | Vaults:4 | Paralysed by a sphinx for 4 turns
 43074 | Vaults:5 | Identified the +4 whip "Toneukk" {chaos, Drain rCorr Dex+5
                  | Stlth+}
 43109 | Vaults:5 | Got Vehumet's Tractate on Conjury
 43115 | Vaults:5 | Identified the +6 quarterstaff of Chaos {antimagic, rElec
                  | rPois rF+}
 43170 | Vaults:5 | Got the Parchment of Hoarfrost and the Atmosphere
 43247 | Vaults:5 | Got a silver rune of Zot
 43292 | Abyss:2  | Found a corrupted altar of Lugonu.
 43292 | Abyss:2  | Cast into level 2 of the Abyss (a deep elf sorcerer)
 43323 | Abyss:2  | Found a corrupted altar of Lugonu.
 43458 | Abyss:2  | Reached XP level 21. HP: 188/188 MP: 21/21
 43768 | Vaults:5 | Escaped the Abyss
 43945 | Vaults:5 | Found the +5 Lochaber axe {reach-cleave, poleaxe, Drain}
 43955 | Vaults:5 | Identified the +12 battleaxe "Kunyquir" {flame, rN+}
 44117 | Vaults:5 | Identified the +7 chain mail of Prudence {Contam rF+ Str+2
                  | Stlth+}
 44243 | Vaults:5 | Identified the +3 swamp dragon scales of Beogh's Supremacy
                  | {rElec rPois rC+ SInv}
 44878 | D:15     | Found a staircase to the Depths.
 45207 | D:15     | Killed Jorgrun
 45422 | Depths:1 | Entered Level 1 of the Depths
 45464 | Depths:1 | Found an ornate altar of the Wu Jian Council.
 45557 | Depths:1 | Noticed a juggernaut
 45578 | Depths:1 | Killed a juggernaut
 46042 | Depths:1 | Found a one-way gateway to a ziggurat.
 46287 | Depths:1 | Found a gateway to Hell.
 46882 | Depths:2 | Found a magical portal.
 47093 | Abyss:2  | Cast into level 2 of the Abyss (a wizard)
 47213 | Abyss:2  | Found a corrupted altar of Lugonu.
 47261 | Abyss:2  | Found a corrupted altar of Lugonu.
 47356 | Abyss:2  | Noticed a profane servitor
 47370 | Abyss:2  | Killed a profane servitor
 47388 | Depths:2 | Escaped the Abyss
 47764 | Depths:2 | Found a runed translucent gate.
 47764 | Depths:2 | Found a runed translucent gate.
 47764 | Depths:2 | Found a runed translucent gate.
 47928 | Depths:2 | Found a one-way gate leading to the halls of Pandemonium.
 48065 | Depths:2 | Gained mutation: Your melee attacks may debilitate your
                  | foes. [demonic ancestry]
 48065 | Depths:2 | Reached XP level 22. HP: 196/196 MP: 22/22
 48261 | Depths:2 | Found an opulent altar of Gozag.
 48428 | Depths:2 | Found a runed translucent gate.
 48428 | Depths:2 | Found a runed translucent gate.
 48428 | Depths:2 | Found a runed translucent gate.
 49170 | Depths:3 | Found Xusalic's CLEARANCE SALE!.
 49175 | Depths:3 | Bought a potion of curing for 6 gold pieces
 49175 | Depths:3 | Bought a potion of heal wounds for 10 gold pieces
 49175 | Depths:3 | Bought a potion of resistance for 20 gold pieces
 49231 | Depths:3 | Noticed Xtahua
 49246 | Depths:3 | Killed Xtahua
 49367 | Depths:3 | You fall into a shaft and drop 1 floor!
 49367 | Depths:4 | Entered Level 4 of the Depths
 49594 | Depths:3 | Found a one-way gate to the infinite horrors of the Abyss.
 49594 | Depths:3 | Noticed Louise
 49608 | Depths:3 | Killed Louise
 49688 | Depths:3 | Found a broken altar of Ashenzari.
 49977 | Depths:3 | Found the +10 tower shield of Ignorance {rN+ Int-4}
 50447 | Depths:4 | Found a stormy altar of Qazlal.
 50842 | Depths:4 | Noticed a golden dragon
 50860 | Depths:4 | Killed a golden dragon
 50895 | Depths:4 | Found a gate to the Realm of Zot.
 51081 | Zot:1    | Entered Level 1 of the Realm of Zot
 52268 | Zot:2    | Gained mutation: You are completely covered in sharp
                  | spines. [demonic ancestry]
 52268 | Zot:2    | Reached XP level 23. HP: 163/213 MP: 17/23
 52270 | Zot:2    | Noticed an orb of fire
 53906 | Zot:3    | Identified the ring of Tykhubb {Ice Contam Int+2 Dex+2}
 53906 | Zot:3    | Noticed Josephina
 53922 | Zot:3    | Killed Josephina
 54188 | Zot:4    | Noticed a Killer Klown
 54215 | Zot:4    | Killed a Killer Klown
 54806 | Zot:4    | Noticed Grunn
 54819 | Zot:4    | Killed Grunn
 54839 | Zot:4    | Noticed a curse toe
 54856 | Zot:4    | Killed a curse toe
 55350 | Zot:5    | Entered Level 5 of the Realm of Zot
 55675 | Zot:5    | Noticed an ancient lich
 55694 | Zot:5    | Killed an ancient lich
 55695 | Zot:5    | Reached skill level 15 in Evocations
 55730 | Zot:5    | Noticed an orb of fire
 55735 | Zot:5    | Noticed a Killer Klown
 55736 | Zot:5    | Noticed a Killer Klown
 55736 | Zot:5    | Noticed a Killer Klown
 55747 | Zot:5    | Slain by an Orb Guardian

Illustrated notes

Levels and vault maps discovered:
D:1:      spicycebolla_arrival_xxxplode, layout_basic
D:2:      layout_loops_ring, basic_altar, ebering_ecumenical_altar_rust
D:3:      layout_loops_corners, grunt_ministairs_10,
          nicolae_elevator_lobby_asterisk, uniq_sigmund
D:4:      layout_basic, minmay_temple_entry_statues_fountains, minmay_between
D:5:      minmay_octagon_keep, layout_loops_ring, biasface_ghost_orc_armoury
D:6:      layout_cave_pods, mainiacjoe_overflow_small_starburst,
          tso_oasis_becter, serial_shops, shop_statue, minmay_fractal_squares_5
D:7:      layout_rooms, kennysheep_decorative_pillar, st_stairs_8
D:8:      layout_rooms, nicolae_overflow_hallway_of_the_gods
D:9:      layout_loops_ring, dpeg_lair_monsters, uniq_harold, uniq_pikel
D:10:     layout_loops_cross, minmay_orc_entry_guard_dogs, evilmike_minifort,
          uniq_lodul, uniq_urug
D:11:     layout_stronghold, uniq_amaemon
D:12:     minmay_open_boxes_in_corner, layout_cave_pods,
          okawaru_ov_weapons_minmay
D:13:     minmay_ice_pillars, layout_gridville
D:14:     layout_roguey, david_vaults_4, nicolae_kite_square_tiling_tiny,
          uniq_frances
D:15:     grunt_enter_depths_giant_problem, layout_rooms, minmay_misc_feat_room,
          uniq_jorgrun
Lair:1:   layout_chaotic_city, serial_bayou_lake_a, lemuel_fruit_fields,
          grunt_megastairs_3, infiniplex_staircase_pool
Lair:2:   layout_small_grid, minmay_snake_entry_guardpost_small, serial_rivers,
          chequers_serial_rivers_large_a, chequers_serial_rivers_room_b,
          chequers_serial_rivers_small_a, chequers_serial_rivers_micro_c,
          chequers_serial_rivers_micro_b, chequers_serial_rivers_micro_b,
          cheibrodos_lair_lostbears
Lair:3:   layout_cave_shapes, minmay_swamp_entry_worms,
          ebering_ghost_disaster_area, minivault_25, infiniplex_staircase_pool_2
Lair:4:   layout_hall_layers
Lair:5:   due_jungle_book, layout_long_grid, nicolae_slime_entry_slimehenge,
          grunt_forest_large_clearing_hut, serial_bayou_shore_a,
          lemuel_fruit_tree
Swamp:1:  layout_basic_swamp, lemuel_altar_in_water
Swamp:2:  layout_falls_marsh, hangedman_swamp_ruin_wall, uniq_kirke
Swamp:3:  layout_basic_swamp, basic_altar, swamp_pool1, uniq_nikola,
          uniq_donald, uniq_roxanne
Swamp:4:  grunt_swamp_rune_castle, layout_basic_swamp, swamp_pool2
Snake:1:  layout_misc_corridors, portal_ice_cave_entry_ugly_swarm,
          grunt_megastairs_1, serial_bayou_shore_b
Snake:2:  nicolae_snake_crotalidae_crossing, layout_rooms,
          nicolae_snake_salamander_fort
Snake:3:  nrook_guardian_serpent_snake_passage, layout_misc_corridors,
          nicolae_snake_gridmaze_swirls, nicolae_snake_ghostly_warrior_ritual
Snake:4:  snake_pit, layout_cave_pods, uniq_bai_suzhen, uniq_mlioglotl
Slime:1:  layout_caves
Orc:1:    layout_diamond_mine, uniq_gastronok
Orc:2:    st_orc_rangers, layout_caves, basic_altar
Vaults:1: ontoclasm_vaults_eye, vaults_room_octagon, vaults_room_pool,
          ontoclasm_vaults_loading_screen, v_misc_26, v_misc_33,
          grunt_vaults_trifunnel, st_hourglassy, layout_vaults_chaotic_city
Vaults:2: nicolae_vaults_specimen_jars, vaults_mumra_hexcomb,
          ontoclasm_vaults_hangar, blue_anna_dwarven_crypt, v_misc_11,
          hangedman_vaults_slither, vaults_dpeg_cross, vaults_room_large_hall,
          layout_vaults_omnicross, serial_shops, nicolae_shop_overgrown_old_shop
Vaults:3: ontoclasm_vaults_shuriken, vaults_dpeg_encased_lava, v_misc_4,
          v_misc_27, vaults_dpeg_emergency_exit,
          nicolae_vaults_network_periphery, grunt_vaults_funnel,
          v_alt_pattern_1, v_alt_pattern_5, grunt_vaults_hallway_short,
          vaults_room_stairs_pillars, vaults_room_semicircle,
          layout_vaults_quadrants
Vaults:4: portal_desolation_entry_twin_temple, v_misc_14,
          nicolae_vaults_little_ls, vaults_dpeg_doors, v_rooms_4,
          hangedman_vaults_snaps, nicolae_vaults_network_quinsquares
          [nicolae_vaults_network_quincunx_subvault,
          nicolae_vaults_network_quincunx_subvault,
          nicolae_vaults_network_quincunx_subvault,
          nicolae_vaults_network_quincunx_subvault], v_alt_pattern_4,
          ontoclasm_vaults_idyll, v_misc_1, hangedman_vaults_impose,
          nicolae_vaults_little_squares_4, vaults_room_pools,
          vaults_mumra_chevron, hangedman_vaults_pinch,
          nicolae_vaults_network_square, layout_vaults_maze_bifur
Vaults:5: uniq_margery, uniq_frederick
Depths:1: layout_gridlike, enter_ziggurat_b, grunt_hell_entry_dis_mu,
          hangedman_decor_push, nzn_wu_jian_council_hall
Depths:2: kennysheep_treasure_stockpile, layout_gridlike,
          nicolae_gozag_cash_rules_everything_around_me, mu_enter_wizlab_6,
          special_room [special_room_mythical_zoo], rand_demon_pan_entry_1,
          hell_entry, nicolae_elyvilon_peaceful_grove
Depths:3: minmay_spriggan_fort, layout_gridville,
          nicolae_abyss_entry_one_way_or_another, ashenzari_conservatory_becter,
          pf_hell_entry_great_geh, nicolae_shop_clearance, uniq_xtahua
Depths:4: evilmike_zot_entry_gauntlet, layout_cross,
          chequers_serial_rivers_micro_c, hell_entry, pan_entry,
          nicolae_qazlal_eye_of_the_storm, roderic_lattice_octagonal_star
Zot:1:    layout_gridlike, skrybe_zot_glass_2
Zot:2:    nicolae_moth_party, layout_onion_interference, grunt_megastairs_2
Zot:3:    nicolae_zot_stationary_front, layout_misc_corridors,
          grunt_ministairs_3, grunt_megastairs_4, uniq_josephina
Zot:4:    layout_twisted_circle, uniq_grunn
Zot:5:    layout_gridlike

Skill      XL: |  1  2  3  4  5  6  7  8  9 10 11 12 13 14 15 16 17 18 19 20 21 22 23 |
---------------+----------------------------------------------------------------------+-----
Dodging        | 3 4 5 8 10 12 14 15 16 | 16.0
Short Blades   | 3 4 5 6 8 |  8.0
Fighting       | 4 5 8 10 12 13 14 15 18 20 21 22 25 | 25.0
Stealth        | 2 3 |  3.0
Armour         | 1 2 3 6 8 10 11 12 15 17 20 22 23 25 | 25.0
Throwing       | 2 4 5 |  5.0
Evocations     | 4 5 6 7 8 10 14 15 | 15.0

Action                   |  1- 3 |  4- 6 |  7- 9 | 10-12 | 13-15 | 16-18 | 19-21 | 22-24 || total
-------------------------+-------+-------+-------+-------+-------+-------+-------+-------++-------
Melee: Short sword       |   114 |    91 |    68 |       |       |       |       |       ||   273
       Touch             |    21 |    18 |    38 |   159 |   401 |   492 |   363 |   309 ||  1801
       Tailslap          |       |     4 |    24 |   138 |   385 |   446 |   445 |   351 ||  1793
       Punch             |       |     2 |     4 |    13 |    21 |    48 |    31 |    26 ||   145
       Kick              |       |       |    83 |   271 |   798 |  1050 |   928 |   742 ||  3872
       Dagger            |       |       |    51 |       |       |       |       |       ||    51
       Quick blade       |       |       |    79 |   625 |  1627 |  1840 |  1454 |  1198 ||  6823
Throw: Dart              |       |       |     4 |     3 |     9 |       |       |       ||    16
       Javelin           |       |       |       |     5 |     8 |       |       |     1 ||    14
       Throwing net      |       |       |       |       |     4 |       |       |       ||     4
Invok: Call Merchant     |       |       |       |     1 |     4 |     1 |     2 |     1 ||     9
       Bribe Branch      |       |       |       |       |       |     1 |       |     1 ||     2
Evoke: Wand              |       |       |       |     4 |    14 |    10 |     4 |       ||    32
       Box of beasts     |       |       |       |       |       |     3 |     3 |       ||     6
       Phantom mirror    |       |       |       |       |       |     2 |       |       ||     2
       Lightning rod     |       |       |       |       |       |     2 |       |       ||     2
       Tin of tremorston |       |       |       |       |       |     1 |     1 |       ||     2
       Piece from Xom's  |       |       |       |       |       |     1 |       |       ||     1
       Phial of floods   |       |       |       |       |       |     1 |     1 |       ||     2
       Condenser vane    |       |       |       |       |       |       |     5 |     1 ||     6
  Use: Potion            |       |     1 |       |     4 |    11 |     6 |     6 |     3 ||    31
       Scroll            |       |     7 |     6 |     9 |    24 |     9 |     3 |     2 ||    60
 Stab: Sleeping          |     4 |     5 |     6 |       |       |       |       |       ||    15
       Distracted        |       |       |     1 |     3 |     9 |    22 |    12 |    24 ||    71
       Paralysed         |       |       |       |     2 |       |       |       |       ||     2
       Fleeing           |       |       |       |       |     1 |       |       |       ||     1
       Invisible         |       |       |       |       |     2 |       |       |       ||     2
       Confused          |       |       |       |       |       |     2 |     2 |       ||     4
Armor: Robe              |    13 |     2 |    17 |       |       |       |       |       ||    32
       Leather armour    |    12 |    12 |       |       |       |       |       |       ||    24
       Ring mail         |       |       |     9 |       |       |       |       |       ||     9
       Chain mail        |       |       |    50 |   135 |   308 |       |       |       ||   493
       Gold dragon scale |       |       |       |       |   203 |   845 |   837 |   428 ||  2313
Dodge: Dodged            |    69 |    49 |    70 |   144 |   444 |   347 |   480 |   324 ||  1927
Block: Other             |       |       |       |       |     5 |   174 |   167 |   133 ||   479
       Reflection        |       |       |       |       |     2 |    13 |     6 |     3 ||    24

Table legend: (Time is in decaauts)
 A = Elapsed time spent in this place.
 B = Non-inter-level travel time spent in this place.
 C = Inter-level travel time spent in this place.
 D = Time resting spent in this place.
 E = Time spent auto-exploring this place.
 F = Levels seen in this place.
 G = Mean time per level.
                   A        B        C        D        E       F      G
               +--------+--------+--------+--------+--------+-----+--------+
         Total |  51532 |  47405 |   4127 |   6278 |  31746 |  47 | 1096.4 |
       Dungeon |  16499 |  14790 |   1709 |   1843 |  10442 |  15 | 1099.9 |
          Lair |   7629 |   6948 |    681 |   1089 |   5083 |   5 | 1525.8 |
         Swamp |   2313 |   2152 |    161 |     15 |   1456 |   4 |  578.2 |
     Snake Pit |   5244 |   4668 |    576 |    856 |   2523 |   4 | 1311.0 |
    Slime Pits |    160 |    160 |      0 |    100 |     23 |   1 |  160.0 |
  Orcish Mines |   2145 |   1987 |    158 |    323 |   1217 |   2 | 1072.5 |
        Vaults |   7988 |   7534 |    454 |   1688 |   4592 |   5 | 1597.6 |
        Depths |   4631 |   4421 |    210 |    150 |   3237 |   4 | 1157.8 |
           Zot |   4273 |   4097 |    176 |    213 |   3157 |   5 |  854.6 |
         Abyss |    645 |    645 |      0 |      0 |     14 |   2 |  322.5 |
               +--------+--------+--------+--------+--------+-----+--------+

Top non-repeatable levels by time:
Vaults:4: 2738 daAuts
  Lair:5: 2668 daAuts
 Snake:3: 1731 daAuts
    D:12: 1591 daAuts
Vaults:1: 1569 daAuts
  Lair:3: 1549 daAuts
    D:13: 1543 daAuts
     D:6: 1432 daAuts
Vaults:5: 1415 daAuts
Depths:2: 1398 daAuts
 Snake:1: 1374 daAuts
     D:9: 1355 daAuts
  Lair:1: 1310 daAuts
    D:14: 1302 daAuts
Vaults:3: 1293 daAuts
